 Dungeon Crawl Stone Soup version 0.26-b1-32-g5d43845318 (webtiles) character file.

Game seed: 927431667322365498

171 tv1990 the Chopper (level 5, -3/42 HPs)
             Began as a Formicid Monk on Jan 8, 2021.
             Splashed by Ijyb's acid (12 damage)
             ... on level 3 of the Dungeon.
             The game lasted 00:06:55 (3127 turns).

tv1990 the Chopper (Formicid Monk)                  Turns: 3127, Time: 00:06:56

Health: -3/42      AC: 13    Str: 16    XL:     5   Next: 81%
Magic:  5/5        EV:  5    Int: 10    God:
Gold:   183        SH:  4    Dex: 13    Spells: 4/4 levels left

rFire    . . .     SeeInvis +   e - +2 dagger (venom)
rCold    . . .     Faith    .   s - +0 buckler
rNeg     . . .     Spirit   .   A - +0 plate armour
rPois    .         Reflect  .   (helmet unavailable)
rElec    .         Harm     .   (no cloak)
rCorr    .         Rampage  .   u - +1 pair of gloves
Will     .....                  (no boots)
Stlth    ..........             (no amulet)
HPRegen  0.14/turn              g - ring of flight
MPRegen  0.09/turn              c - +4 ring of protection

@: corroded
A: permanent stasis, dig shafts and tunnels, four strong arms, antennae 3, high
mp 1, wild magic 1
a: Dig, Shaft Self, Evoke Flight


You were on level 3 of the Dungeon.
You visited 1 branch of the dungeon, and saw 4 of its levels.

You collected 183 gold pieces.

Inventory:

Hand Weapons
 a - a +0 hand axe
 e - a +2 dagger of venom (weapon)
Armour
 b - a +0 robe
 d - a +0 ring mail
 l - a +0 scale mail
 p - a +0 kite shield
 s - a +0 buckler (worn)
 u - a +1 pair of gloves (worn)
 A - a +0 plate armour (worn)
Jewellery
 c - a +4 ring of protection (right hand)
 g - a ring of flight (left hand)
Wands
 q - a wand of acid (7)
Scrolls
 i - a scroll of fog {unknown}
 j - 5 scrolls of remove curse
 k - a scroll of enchant armour
 n - a scroll of teleportation {unknown}
 o - 2 scrolls of enchant weapon {unknown}
 t - a scroll of identify {unknown}
 x - a scroll of magic mapping {unknown}
 y - a scroll of fear {unknown}
 z - 4 scrolls of immolation {unknown}
Potions
 f - a potion of heal wounds
 h - a potion of mutation
 m - 2 potions of brilliance {unknown}
 r - a potion of cancellation {unknown}
 v - 2 potions of curing
 w - a potion of berserk rage


   Skills:
 + Level 4.0 Fighting
 * Level 4.5 Axes
 + Level 2.1 Armour
 - Level 2.6 Dodging
 - Level 2.4 Stealth
 * Level 2.5 Shields


You had 4 spell levels left.
You didn't know any spells.
Your spell library was empty.

Dungeon Overview and Level Annotations

Branches:
Dungeon (4/15)
 Temple: D:4-7

Altars:
Ashenzari
Cheibriados
Elyvilon
Sif Muna

Annotations:
D:3 Ijyb


Innate Abilities, Weirdness & Mutations

You cannot be hasted, slowed, berserked, paralysed or teleported.
You can dig through walls and to a lower floor.
Your four strong arms can wield two-handed weapons with a shield.
You have a pair of large antennae on your head. (SInv)
You have an increased reservoir of magic. (+10% MP)
Your spells are a little harder to cast, but a little more powerful.


Message History

The bat hits you but does no damage. You block the bat's attack.
You block Ijyb's attack.
You barely miss Ijyb.
Ijyb is lightly wounded.
The bat barely misses you.
Ijyb zaps a wand.
The bolt of acid hits you. The acid corrodes you!
You are splashed with acid!
You block the bat's attack. The rat bites you.
You hit Ijyb but do no damage.
Ijyb is lightly wounded.
You block the bat's attack. Ijyb hits you. You block the bat's attack.
The rat bites you but does no damage.
You extend your mandibles.
You dig through the rock wall.
The bat barely misses you. You block the bat's attack.
Ijyb completely misses you.
You dig through the rock wall.
You block the bat's attack. The bat barely misses you.
Ijyb zaps a wand.
The bolt of acid misses the bat.
The bolt of acid hits you!
* * * LOW HITPOINT WARNING * * *
The acid corrodes you!
You are splashed with acid!
You die...

#.# #.# #..............
.. #.#####.#####........
.. #.†.....#####........
.#########.....#........
.......###.....#........
.......#.#.....#........
.
......r.#g.....#........
.
.##.####b#.....#........
. ...# #@##g....#........
..
..#.............#........
####.#
..#.............#........
.....#
.>#.............#........
.##..
#.#.?..........[#........
.##...
#.#..........############
.# #.####.#..........# .#
#......#..........# .#
#..###...†......


You could see Ijyb (poisoned) and a bat.

Vanquished Creatures
  3 gnolls (D:4)
  7 adders
  4 dart slugs
  3 worms (D:2)
  3 leopard geckos
  An orc (D:3)
  11 bats
  3 giant cockroaches
  6 goblins
  3 hobgoblins
  4 jackals (D:2)
  6 kobolds
  2 quokkas (D:2)
  7 frilled lizards
  4 rats
67 creatures vanquished.

Vanquished Creatures (others)
  A worker ant (D:4)
  A giant cockroach (D:4)
  A plant (D:1)
3 creatures vanquished.

Grand Total: 70 creatures vanquished

Notes
Turn   | Place    | Note
-------+----------+-------------------------------------------
     0 | D:1      | tv1990 the Formicid Monk began the quest for the Orb.
     0 | D:1      | Reached XP level 1. HP: 18/18 MP: 1/1
   147 | D:1      | Reached XP level 2. HP: 21/24 MP: 2/2
   360 | D:1      | Reached skill level 1 in Armour
   433 | D:1      | Reached XP level 3. HP: 23/29 MP: 3/3
  1355 | D:2      | Reached XP level 4. HP: 30/37 MP: 4/4
  1528 | D:2      | Reached skill level 1 in Shields
  1700 | D:2      | Gained mutation: You have an increased reservoir of magic.
                  | (+10% MP) [potion of mutation]
  1700 | D:2      | Gained mutation: Your spells are a little harder to cast,
                  | but a little more powerful. [potion of mutation]
  1809 | D:2      | Reached XP level 5. HP: 35/42 MP: 5/5
  2020 | D:2      | Found a shimmering blue altar of Sif Muna.
  2425 | D:3      | Found a snail-covered altar of Cheibriados.
  2428 | D:3      | Found a broken altar of Ashenzari.
  2430 | D:3      | Found a white marble altar of Elyvilon.
  2531 | D:3      | Noticed Ijyb
  2537 | D:3      | You fall into a shaft and drop 1 floor!
  3127 | D:3      | Splashed by Ijyb's acid

Skill      XL: |  1  2  3  4  5 |
---------------+----------------+-----
Armour         | 1 2 |  2.1
Shields        | 1 2 |  2.5
Axes           | 4 |  4.5
Fighting       | 4 |  4.0
Dodging        | |  2.6
Stealth        | |  2.4

Action                   |  1- 3 |  4- 6 || total
-------------------------+-------+-------++-------
Melee: Hand axe          |   121 |   137 ||   258
       Dagger            |     7 |    27 ||    34
 Abil: Dig               |       |     3 ||     3
       Shaft Self        |       |     1 ||     1
  Use: Scroll            |     2 |     1 ||     3
       Potion            |       |     4 ||     4
 Stab: Sleeping          |     1 |       ||     1
Armor: Ring mail         |    27 |       ||    27
       Scale mail        |    29 |    64 ||    93
       Plate armour      |       |     7 ||     7
Dodge: Dodged            |    76 |    75 ||   151
Block: Kite shield       |    14 |    46 ||    60
       Buckler           |       |    22 ||    22

Levels and vault maps discovered:
D:1:      tarquinn_simple_flora_water_c, layout_loops_ring, minmay_pentomino_q4
D:2:      minmay_razor_zed, layout_basic, led_sif_pool
D:3:      layout_basic, grunt_temple_overflow_open, uniq_robin, uniq_ijyb
D:4:      layout_layer_cave, lemuel_temple_firewalk_b, uniq_purgy
